 Dungeon Crawl Stone Soup version 0.27-a0-1065-ge809cff456 (webtiles) character file.

Game seed: 422894907194933430

15134 robertstho the Thaumaturge (level 12, -3/82 HPs)
             Began as a Djinni Ice Elementalist on Apr 23, 2021.
             Was an Elder of Fedhas.
             Slain by a wolf (5 damage)
             ... on level 2 of the Lair of Beasts.
             The game lasted 00:31:12 (19717 turns).

robertstho the Thaumaturge (DjIE)                  Turns: 19717, Time: 00:31:14

Health: -3/82      AC:  7    Str: 10    XL:     12   Next: 23%
Gold:   406        EV: 19    Int: 21    God:    Fedhas [****..] SH:  0 Dex: 21

rFire    + + +     SeeInvis .   i - +1 hunting sling (flame)
rCold    . . .     Faith    .   (no shield)
rNeg     . . .     Spirit   .   L - +2 robe {rC+ rF+}
rPois    ∞         Reflect  .   (no helmet)
rElec    .         Harm     .   x - +1 cloak {rPois}
rCorr    .         Rampage  .   v - +0 pair of gloves {Str+3}
Will     +....                  (boots unavailable)
Stlth    ++++......             (no amulet)
HPRegen  0.23/turn              e - +6 ring of dexterity
MPRegen  0.00/turn              F - +4 ring of evasion

@: flying
A: fire resistance 2, cold vulnerability 1, float, innate caster, hp casting,
extra vitality 1
a: Renounce Religion, Wall of Briars, Grow Ballistomycete, Overgrow


You were on level 2 of the Lair of Beasts.
You worshipped Fedhas.
Fedhas was greatly pleased with you.
You visited 2 branches of the dungeon, and saw 12 of its levels.

You collected 804 gold pieces.
You spent 398 gold pieces at shops.

Inventory:

Hand Weapons
 a - the +2 flail "Koityed" {vorpal, rPois rF- rN++ SInv}
   (You found it on level 1 of the Lair of Beasts)

   It inflicts extra damage upon your enemies.
   It makes you vulnerable to fire.
   It protects you from poison.
   It greatly protects you from negative energy.
   It lets you see invisible.
 b - a +0 spear
 i - a +1 hunting sling of flaming (weapon)
 k - a +4 great sword of freezing
 J - the +5 dagger of Dishonesty {pain, +Blink rC- Will+++ Int-5}
   (You bought it in a shop on level 5 of the Dungeon)

   In the hands of one skilled in necromantic magic, it inflicts extra damage on
   living creatures.
   It affects your intelligence (-5).
   It makes you vulnerable to cold.
   It lets you blink.
   It greatly increases your willpower.
 M - a +2 falchion
Missiles
 j - 160 stones (quivered ammo)
 q - 98 sling bullets
 C - a curare-tipped dart
 D - a throwing net
Armour
 v - a +0 pair of gloves of strength (worn)
 x - a +1 cloak of poison resistance (worn)
 L - a +2 robe of resistance (worn)
Jewellery
 e - a +6 ring of dexterity (left hand)
 F - a +4 ring of evasion (right hand)
 G - a ring of fire
 H - a +6 ring of dexterity
Wands
 s - a wand of digging (6)
 u - a wand of flame (59)
 w - a wand of acid (26)
 y - a wand of mindburst (7)
Scrolls
 d - a scroll of blinking
 f - 4 scrolls of immolation
 g - 2 scrolls of fog
 A - 3 scrolls of magic mapping {unknown}
 E - a scroll of enchant weapon {unknown}
 I - 2 scrolls of teleportation
 K - 2 scrolls of summoning
 N - a scroll of identify
 O - a scroll of enchant armour {unknown}
 Q - a scroll of amnesia {unknown}
 R - a scroll of acquirement {unknown}
 S - a scroll of silence {unknown}
Potions
 c - 2 potions of might
 h - 4 potions of flight
 l - 2 potions of lignification
 m - 4 potions of degeneration {unknown}
 n - 2 potions of mutation {unknown}
 o - 3 potions of brilliance {unknown}
 p - a potion of cancellation
 r - 2 potions of haste
 t - 2 potions of magic {unknown}
 z - 2 potions of invisibility {unknown}
 B - a potion of berserk rage {unknown}


   Skills:
 + Level 5.7 Fighting
 + Level 0.2 Polearms
 + Level 9.0 Slings
 + Level 5.1 Dodging
 * Level 7.3 Stealth
 * Level 9.2 Spellcasting
 * Level 7.7 Invocations


You couldn't memorise any spells.
You knew the following spells:

 Your Spells              Type           Power      Damage    Failure   Level
a - Freeze                Ice            100%       1d11      1%          1
b - Frozen Ramparts       Ice            96%        1d11      1%          3
c - Ozocubu's Armour      Ice            48%        N/A       1%          3
d - Hailstorm             Conj/Ice       48%        3d11      1%          4
e - Metabolic Englaciati  Hex/Ice        24%        N/A       4%          5
f - Foxfire               Conj/Fire      100%       2x1d9     1%          1
g - Wereblood             Tmut           48%        N/A       1%          2
h - Lesser Beckoning      Tloc           24%        N/A       1%          3
i - Animate Armour        Summ/Erth      96%        N/A       1%          4
j - Animate Dead          Necr           24%        N/A       1%          4
Your spell library was empty.

Dungeon Overview and Level Annotations

Branches:
Dungeon (9/15)             Temple (0/1) D:4            Lair (3/6) D:9
  Swamp: Lair:2-4    Shoals: Lair:2-4     Snake: Lair:2-4    Spider: Lair:2-4
    Orc: D:9-12

Altars:
Fedhas
Uskayaw

Shops:
D:5 (*

Annotations:
D:3 1 runed translucent door, Crazy Yiuf


Innate Abilities, Weirdness & Mutations

You are immune to poison.
Your flesh is very heat resistant. (rF++)
You are vulnerable to cold. (rC-)
You float through the air rather than walking.
You learn spells naturally, not from books.
Your magical power is your life essence.
You have superior vitality. (+4 HP)


Message History

Unknown command.
Casting: Foxfire (safe; 1% risk of failure)
Confirm with . or Enter, or press ? or * to list all spells.
You conjure some foxfire!
The cane toad completely misses you.
The foxfire hits the wolf.
The wolf is moderately wounded.
Unknown command.
A wolf and a yak come into view.
The wolf howls!
The foxfire hits the yak.
You kill the yak!
Fedhas appreciates your contribution to the ecosystem.
Unknown command.
The wolf bites you!
* * * LOW HITPOINT WARNING * * *
The cane toad stings you!
* * * LOW HITPOINT WARNING * * *
The wolf closely misses you. The wolf bites you.
* * * LOW HITPOINT WARNING * * *
There is a stone staircase leading up here.
The wolf closely misses you. The cane toad completely misses you.
You fly upwards.
There is a stone staircase leading down here.
You need no library to learn spells.
Unknown command.
You feel better. The cane toad stings you!
* * * LOW HITPOINT WARNING * * *
The wolf completely misses you. The cane toad closely misses you.
Unknown command.
The wolf closely misses you. The cane toad closely misses you.
The wolf completely misses you.
Press: ? - help, Dir - move target An oklob plant grows from the ground.
You can no longer grow an oklob plant.
The wolf bites you.
* * * LOW HITPOINT WARNING * * *
The wolf bites you.
You die...
Fedhas appreciates your contribution to the ecosystem.

##............########..
#...........## #...
###.######### #..# #### ###
##.## .#.## ##.## ....##
###.#.# #....## ###..####
###...# #### ### #...P##### #
##..####..####@# #...###.#.
#...........#h## ##..#####..
#..........>P..######..........
##...............P#..#.........
#..................#.#.#.......
##.#.......##.#.....####......≈
#####.....#........##........≈
##P.......##.#.....P.#.....≈≈
###....###..P..#..........[≈≈≈≈


You could see a wolf (ally target) and a friendly oklob plant (summoned).

Vanquished Creatures
  A hydra (Lair:1)
  6 elephants (Lair:2)
  3 cane toads
  A komodo dragon (Lair:1)
  A troll (D:9)
  Grinder (D:5)
  Prince Ribbit (D:7)
  A wraith (D:9)
  A wyvern (D:9)
  31 yaks
  Eustachio (D:6)
  A basilisk (Lair:2)
  2 water moccasins
  Duvessa (D:6)
  3 orc warriors
  A sky beast (D:7)
  2 ice beasts
  2 black bears
  2 ogres
  7 wolves
  A phantom (D:7)
  4 centaurs
  2 kobold brigands (D:7)
  A wyvern zombie (D:7)
  2 gnoll sergeants
  6 scorpions
  6 bullfrogs
  Dowan (D:6)
  A water moccasin skeleton (D:6)
  A wyvern skeleton (D:6)
  4 killer bees (D:9)
  22 wights
  An electric eel (D:9)
  3 jellies
  A bullfrog zombie (D:6)
  8 hounds
  A centaur skeleton (D:6)
  2 gnoll shamans
  4 orc priests
  Jessica (D:2)
  6 orc wizards
  A hound skeleton (D:4)
  A howler monkey zombie (D:7)
  24 gnolls
  13 adders
  A river rat (D:4)
  A shadow imp (D:4)
  A white imp (D:7)
  2 adder skeletons
  2 worms
  27 orcs
  4 bats
  6 endoplasms
  A giant cockroach (D:4)
  3 goblins
  16 hobgoblins
  8 jackals
  5 quokkas
  7 ball pythons
  A frilled lizard (D:2)
  A jackal skeleton (D:4)
  14 kobolds
  8 rats
294 creatures vanquished.

Vanquished Creatures (collateral kills)
  An orc warrior (D:7)
  A scorpion (D:7)
  An orc (D:7)
  A ball python (D:2)
  27 ballistomycete spores
31 creatures vanquished.

Vanquished Creatures (others)
  3 ballistomycete spores (D:7)
  333 foxfires
  6 fungi
  7 plants
349 creatures vanquished.

Grand Total: 674 creatures vanquished

Notes
Turn   | Place    | Note
-------+----------+-------------------------------------------
     0 | D:1      | robertstho the Djinni Ice Elementalist began the quest for
                  | the Orb.
     0 | D:1      | Reached XP level 1. HP: 15/15 MP: 0/0
    62 | D:1      | Found a faded altar of an unknown god.
   113 | D:1      | Became a worshipper of Fedhas Madash
   113 | D:1      | Reached * piety under Fedhas
   131 | D:1      | You are sucked into a shaft and drop 1 floor!
   214 | D:2      | Reached XP level 2. HP: 12/21 MP: 0/0
  1151 | D:2      | Reached ** piety under Fedhas
  1451 | D:2      | Reached XP level 3. HP: 25/25 MP: 0/0
  1451 | D:2      | Learned a level 1 spell: Foxfire
  1618 | D:2      | Reached skill level 1 in Invocations
  2276 | D:2      | Reached XP level 4. HP: 31/31 MP: 0/0
  2595 | D:2      | Noticed Jessica
  2600 | D:2      | Killed Jessica
  2741 | D:2      | Reached skill level 1 in Slings
  2883 | D:2      | Reached XP level 5. HP: 31/36 MP: 0/0
  2883 | D:2      | Learned a level 2 spell: Wereblood
  3834 | D:3      | Found a runed translucent door.
  3835 | D:3      | Noticed Crazy Yiuf
  4103 | D:3      | Reached skill level 1 in Fighting
  4103 | D:3      | Reached XP level 6. HP: 13/42 MP: 0/0
  4651 | D:3      | Reached *** piety under Fedhas
  4693 | D:3      | You are sucked into a shaft and drop 1 floor!
  5091 | D:4      | Found a staircase to the Ecumenical Temple.
  5122 | D:4      | Reached XP level 7. HP: 15/47 MP: 0/0
  5122 | D:4      | Learned a level 3 spell: Lesser Beckoning
  5452 | D:4      | Found a glowing drain.
  6293 | D:5      | Entered Level 5 of the Dungeon
  6338 | D:5      | Noticed Grinder
  6520 | D:5      | Found Optinwept's Assorted Antiques.
  6525 | D:5      | Paralysed by Grinder for 2 turns
  6529 | D:5      | Bought a potion of curing for 75 gold pieces
  6529 | D:5      | Bought a scroll of teleportation for 75 gold pieces
  6529 | D:5      | Bought 2 sapphire potions for 45 gold pieces
  6781 | D:6      | Reached skill level 5 in Spellcasting
  6980 | D:6      | Reached **** piety under Fedhas
  6981 | D:6      | Reached XP level 8. HP: 20/54 MP: 0/0
  7180 | D:6      | Noticed Eustachio
  7209 | D:6      | Killed Eustachio
  7850 | D:6      | Noticed Duvessa
  7852 | D:6      | Noticed Dowan
  7863 | D:6      | Killed Duvessa
  7870 | D:6      | Killed Dowan
  8167 | D:6      | Reached skill level 5 in Slings
  8612 | D:6      | Reached XP level 9. HP: 25/59 MP: 0/0
  8612 | D:6      | Learned a level 4 spell: Animate Armour
  8872 | D:6      | Found a hide-covered altar of Uskayaw.
  9145 | D:6      | Identified the Catalogue of Mysticism
  9519 | D:7      | Reached skill level 5 in Invocations
 10100 | D:7      | Noticed Prince Ribbit
 10114 | D:7      | Killed Prince Ribbit
 10388 | D:7      | Reached skill level 5 in Stealth
 10666 | D:7      | Reached XP level 10. HP: 58/67 MP: 0/0
 13332 | D:8      | Identified the +1 flail "Ugujebux" {venom, rF+}
 13893 | D:9      | Found a staircase to the Lair.
 14110 | D:9      | Reached XP level 11. HP: 12/74 MP: 0/0
 14110 | D:9      | Learned a level 4 spell: Animate Dead
 14715 | D:5      | Killed Grinder
 14983 | D:5      | Found Owakluc's Antique Weapon Emporium.
 14986 | D:5      | Bought a translucent dagger for 203 gold pieces
 14986 | D:5      | Identified the +5 dagger of Dishonesty {pain, +Blink rC-
                  | Will+++ Int-5} (You bought it in a shop on level 5 of the
                  | Dungeon)
 15691 | Lair:1   | Entered Level 1 of the Lair of Beasts
 16745 | Lair:1   | Identified the +2 flail "Koityed" {vorpal, rPois rF- rN++
                  | SInv}
 16782 | Lair:1   | Noticed a four-headed hydra
 16789 | Lair:1   | Killed a four-headed hydra
 16790 | Lair:1   | Reached skill level 5 in Fighting
 17605 | Lair:2   | Reached ***** piety under Fedhas
 18297 | Lair:2   | Reached XP level 12. HP: 26/81 MP: 0/0
 18859 | Lair:2   | Reached skill level 5 in Dodging
 19717 | Lair:2   | HP: 2/82 [wolf (3)]
 19717 | Lair:2   | Slain by a wolf

Illustrated notes

Levels and vault maps discovered:
D:1:      heliophobic_arrival_ceremonial_halls, layout_basic,
          hellmonk_ecumenical_altar_pennies_from_heaven
D:2:      layout_loops_ring, minmay_snake_closets, uniq_jessica
D:3:      layout_loops_corners, uniq_crazy_yiuf_cottage
D:4:      layout_gridville, minmay_temple_entry_wispy,
          cheibrodos_sewer_entry_sluice
D:5:      layout_loops_cross, serial_shops, nicolae_shop_behind_doors, shop,
          uniq_grinder
D:6:      layout_gridville, lemuel_tele_altar, uniq_eustachio, uniq_duvessa
D:7:      kennysheep_housing_project, layout_rooms, uniq_prince_ribbit1
D:8:      layout_loops_corners
D:9:      layout_cave_pools, erik_lair_island
Lair:1:   layout_roguey, serial_bayou_shore_a, grunt_megastairs_4
Lair:2:   layout_layer_cave, serial_bayou_pond_d, lemuel_old_faithful,
          grunt_megastairs_3
Lair:3:   layout_chaotic_city, shoals_dummy_entry, guppyfry_snake_entry_island,
          grunt_megastairs_2

Skill      XL: |  1  2  3  4  5  6  7  8  9 10 11 12 |
---------------+-------------------------------------+-----
Spellcasting   | 4 5 6 7 9 |  9.2
Stealth        | 2 3 4 5 6 7 |  7.3
Invocations    | 1 2 3 4 5 6 7 |  7.7
Slings         | 1 2 3 5 6 7 8 9 |  9.0
Fighting       | 1 2 3 4 5 |  5.7
Dodging        | 3 4 5 |  5.1
Polearms       | |  0.2

Action                   |  1- 3 |  4- 6 |  7- 9 | 10-12 || total
-------------------------+-------+-------+-------+-------++-------
Melee: Spear             |    60 |       |       |       ||    60
       Hunting sling     |       |       |       |     1 ||     1
 Fire: Hunting sling     |    29 |   182 |   316 |   373 ||   900
 Cast: Freeze            |    17 |     8 |    22 |     4 ||    51
       Frozen Ramparts   |       |     6 |     9 |    21 ||    36
       Ozocubu's Armour  |       |       |     3 |     4 ||     7
       Foxfire           |       |       |    38 |   152 ||   190
       Wereblood         |       |       |     1 |       ||     1
       Hailstorm         |       |       |       |    22 ||    22
       Lesser Beckoning  |       |       |       |     1 ||     1
Invok: Wall of Briars    |     1 |       |       |     1 ||     2
       Grow Ballistomyce |       |       |     5 |     5 ||    10
       Overgrow          |       |       |     1 |       ||     1
       Grow Oklob        |       |       |       |     1 ||     1
  Use: Scroll            |       |     4 |     8 |     5 ||    17
       Potion            |       |       |     7 |     2 ||     9
 Stab: Sleeping          |     8 |       |       |       ||     8
Armor: Robe              |     8 |    11 |    33 |    53 ||   105
Dodge: Dodged            |    36 |    73 |   163 |   214 ||   486

Table legend: (Time is in decaauts)
 A = Elapsed time spent in this place.
 B = Non-inter-level travel time spent in this place.
 C = Inter-level travel time spent in this place.
 D = Time resting spent in this place.
 E = Time spent auto-exploring this place.
 F = Levels seen in this place.
 G = Mean time per level.
                   A        B        C        D        E       F      G
               +--------+--------+--------+--------+--------+-----+--------+
         Total |  19707 |  19121 |    586 |   2602 |  14203 |  12 | 1642.2 |
       Dungeon |  15708 |  15242 |    466 |   2284 |  10975 |   9 | 1745.3 |
          Lair |   3999 |   3880 |    119 |    318 |   3227 |   3 | 1333.0 |
               +--------+--------+--------+--------+--------+-----+--------+

Top non-repeatable levels by time:
     D:8: 2968 daAuts
     D:6: 2918 daAuts
     D:2: 2551 daAuts
  Lair:2: 2150 daAuts
     D:7: 1948 daAuts
  Lair:1: 1819 daAuts
     D:4: 1605 daAuts
     D:3: 1253 daAuts
     D:5: 1154 daAuts
     D:1: 919 daAuts
     D:9: 390 daAuts
  Lair:3: 29 daAuts
